Match 39753462
Unlisted

Match 39753462
End
Construct Section Command Post
Dingo Light Scout Car
Selects Heavy Armor Battlegroup
Royal Engineer Section
Vickers Machine Gun Team
Construct Platoon Command Post
Selects Rigorous Vehicle Training
Humber Armored Car
Royal Engineer Section
Humber Armored Car
Selects Forward Repair Assembly
Unlock Bishop Self-propelled Artillery
6-pounder Anti-tank Gun Team
Bishop Self-propelled Artillery
Bishop Self-propelled Artillery
Royal Engineer Section
Construct Company Command Post
Foot Guards Section
Foot Guards Section
Royal Engineer Section
Selects Churchill Black Prince Heavy Tank
Churchill Black Prince Heavy Tank
Selects Light Vehicle Withdraw and Refit
Unlock M3 Grant Medium Tanks
M3 Grant Medium Tank
Selects Radio Net
Selects Recon Artillery
猛牛
BearableBear
Monkey CPU
Hendy
Libanese_de_Roma
Enfelon
Sauzer88
Decapsy
0
0

Comments sign in to comment!

No comments posted yet!